 Dungeon Crawl Stone Soup version 0.31-a0-799-g6bc09d010c (webtiles) character file.

Game seed: 10277948430409103834

266434 Revguard the Metamorph (level 20, 0/154 (160) HPs)
             Began as a Black Draconian Shapeshifter on Sept 19, 2023.
             Was a High Priest of Ru.
             Killed themself with a bounced orb of electricity (6 damage)
             ... on level 4 of the Spider Nest.
             The game lasted 01:51:18 (31131 turns).

Revguard the Metamorph (DrSh)                      Turns: 31131, Time: 01:51:19

HP:   0/154 (160)   AC: 15    Str: 23    XL:     20   Next: 3%
MP:   13/20         EV: 29    Int: 11    God:    Ru [*****.]
Gold: 4907          SH:  0    Dex: 15    Spells: 19/19 levels left

rFire   . . .        d - melded +0 dagger (venom)
rCold   . . .        (shield currently unavailable)
rNeg    . . .        (body armour unavailable)
rPois   .            p - +1 hat
rElec   +            v - -1 cloak "Juusmum" {Regen+}
rCorr   .            (gloves currently unavailable)
SInv    +            Z - +3 pair of seven-league boots {Rampage+∞}
Will    +....        l - amulet of the acrobat Stlth
                     i - ring of see invisible
HPRegen 1.25/turn    x - ring of the Hare {EV+10}
MPRegen 0.17/turn

%: acrobat, rampage+∞
@: lethally poisoned (0 -> -12), exhausted, blade hands, flying, lightly drained
A: flying, breathe lightning, AC +10, unfitting armour, big wings, frail 1,
screaming 1, electricity resistance, cold-blooded, no stealth, hated by all, no
conjurations magic, no hexes magic, no poison magic, fangs 1, hooves 1, passive
freeze, strong 1
a: Breathe Lightning, Begin Untransformation, Renounce Religion, Draw Out Power,
Power Leap, Apocalypse


You were on level 4 of the Spider Nest.
You worshipped Ru.
Ru was extremely pleased with you.
You had blades for hands.
You visited 4 branches of the dungeon, and saw 26 of its levels.
You visited the Abyss 1 time.
You also visited: Bailey and Ice Cave.

You collected 4907 gold pieces.

Inventory:

Hand Weapons
 d - a +0 dagger of venom (melded)
Armour
 n - a +2 pair of boots of flying
 p - a +1 hat (worn)
 v - the -1 cloak "Juusmum" (worn) {Regen+}
   (You found it on level 5 of the Dungeon)

   Regen+:    It increases your rate of health regeneration.
 Z - the +3 pair of seven-league boots (worn) {Rampage+∞}
   (You found it on level 4 of the Spider Nest)

   Rampage+∞: When moving toward enemies, its wearer moves as far as possible,
   alerting their target en route.
Jewellery
 i - a ring of see invisible (left blade hand)
 l - an amulet of the acrobat (around neck)
 s - a +6 ring of dexterity
 t - a ring of willpower
 w - a ring of magical power
 x - the ring of the Hare (right blade hand) {EV+10}
   (You found it on level 8 of the Dungeon)

   [ring of evasion]

   EV+10:     It affects your evasion (+10).
 C - an amulet of magic regeneration
 G - a +4 ring of protection
 H - a ring of ice
 O - a ring of ice
 R - a +6 ring of strength
 T - a ring of wizardry
 Y - a ring of protection from fire
Talismans
 b - a beast talisman
 c - a flux talisman
 j - a serpent talisman
 W - a blade talisman (active)
Wands
 k - a wand of polymorph (18)
 I - a wand of flame (40)
 S - a wand of mindburst (10)
Scrolls
 e - a scroll of brand weapon
 m - 3 scrolls of amnesia
 o - 3 scrolls of torment
 r - 11 scrolls of identify
 y - 3 scrolls of revelation
 z - 3 scrolls of vulnerability
 A - 4 scrolls of poison
 D - 2 scrolls of immolation
 J - 4 scrolls of fog
 L - 3 scrolls of silence
 P - 5 scrolls of enchant weapon
 Q - 2 scrolls of teleportation
 V - 2 scrolls of fear
 X - a scroll of butterflies
Potions
 a - 2 potions of lignification
 f - 2 potions of heal wounds
 g - 4 potions of curing
 h - 3 potions of berserk rage
 q - 7 potions of enlightenment
 u - 7 potions of mutation
 B - 2 potions of magic
 E - 6 potions of might
 F - 6 potions of brilliance
 M - 2 potions of attraction
 N - 4 potions of haste
 U - 3 potions of invisibility
Miscellaneous
 K - a condenser vane


   Skills:
 + Level 15.3 Fighting
 + Level 13.0 Dodging
 + Level 14.5 Unarmed Combat
 + Level 13.8 Evocations
 * Level 17.8 Shapeshifting


You had 19 spell levels left.
You didn't know any spells.
Your spell library contained the following spells:

 Spells                   Type           Power      Damage    Failure   Level
 Lesser Beckoning         Tloc           0%         N/A       47%         2
 Sublimation of Blood     Necr           0%         N/A       47%         2
 Wereblood                Tmut           0%         N/A       47%         2
 Gell's Gravitas          Tloc           0%         N/A       71%         3
 Ozocubu's Armour         Ice            0%         N/A       71%         3
 Teleport Other           Tloc           0%         N/A       71%         3
 Volatile Blastmotes      Fire/Tloc      0%         2d10      71%         3
 Airstrike                Air            0%         2d(0-16)  98%         4
 Passage of Golubria      Tloc           0%         N/A       98%         4
 Petrify                  Tmut/Erth      0%         N/A       98%         4
 Vhi's Electric Charge    Tloc/Air       0%         N/A       98%         4
 Agony                    Necr           0%         N/A       100%        5
 Borgnjor's Vile Clutch   Necr/Erth      0%         N/A       100%        5
 Dispersal                Tloc           0%         N/A       100%        6
 Ignition                 Fire           0%         3d3       100%        8
 Maxwell's Capacitive Co  Air            0%         ∞         100%        8
 Summon Small Mammal      Summ           Unusable   N/A       N/A         1
 Static Discharge         Conj/Air       Unusable   2-2/arc   N/A         2
 Call Canine Familiar     Summ           Unusable   N/A       N/A         3
 Dazzling Flash           Conj/Hex       Unusable   N/A       N/A         3
 Hailstorm                Conj/Ice       Unusable   3d3       N/A         3
 Sigil of Binding         Hex            Unusable   N/A       N/A         3
 Summon Guardian Golem    Hex/Summ       Unusable   N/A       N/A         3
 Tukima's Dance           Hex            Unusable   N/A       N/A         3
 Dimensional Bullseye     Hex/Tloc       Unusable   N/A       N/A         4
 Fulminant Prism          Conj/Hex       Unusable   3d5       N/A         4
 Iskenderun's Mystic Bla  Conj/Tloc      Unusable   2d3       N/A         4
 Leda's Liquefaction      Hex/Erth       Unusable   N/A       N/A         4
 Olgreb's Toxic Radiance  Pois           Unusable   N/A       N/A         4
 Summon Ice Beast         Ice/Summ       Unusable   N/A       N/A         4
 Summon Lightning Spire   Summ/Air       Unusable   N/A       N/A         4
 Alistair's Intoxication  Tmut/Pois      Unusable   N/A       N/A         5
 Arcjolt                  Conj/Air       Unusable   1d10      N/A         5
 Irradiate                Conj/Tmut      Unusable   3d11      N/A         5
 Metabolic Englaciation   Hex/Ice        Unusable   N/A       N/A         5
 Silence                  Hex/Air        Unusable   N/A       N/A         5
 Yara's Violent Unravell  Hex/Tmut       Unusable   3d3       N/A         5
 Eringya's Noxious Bog    Tmut/Pois      Unusable   4d6       N/A         6
 Simulacrum               Ice/Necr       Unusable   N/A       N/A         6
 Discord                  Hex            Unusable   N/A       N/A         8

Dungeon Overview and Level Annotations

Branches:
Dungeon (15/15)            Temple (0/1) D:7            Lair (5/5) D:11
 Spider (4/4) Lair:3        Slime (0/5) Lair:5          Orc (2/2) D:10
    Elf (0/3) Orc:2        Vaults (0/5) D:13         Depths (0/4) D:15
 Bailey (visited)           IceCv (visited)
  Swamp: Lair:2-3    Shoals: Lair:2-3

Altars:
Dithmenos
Elyvilon
Nemelex Xobeh
Ru
Sif Muna
Wu Jian

Shops:
D:15 ?   Orc:2 ([*[

Portals:
Trove: D:11 (give 2 scrolls of acquirement)

Annotations:
D:4 2 transporters
Lair:3 exclusion: 3 oklob plants


Innate Abilities, Weirdness & Mutations

You have blades for hands.
You are flying.
You are incapable of wielding weapons or throwing items.
You can breathe wild blasts of lightning.
Your glossy black scales are hard. (AC +10)
You cannot fit into any form of body armour.
Your large and strong wings let you fly.
You are frail. (-10% HP)
You occasionally shout uncontrollably at your foes.
You are resistant to electric shocks. (rElec)
You are cold-blooded and may be slowed by cold attacks.
You cannot be stealthy.
You are hated by all.
You cannot study or cast Conjurations magic.
You cannot study or cast Hexes magic.
You cannot study or cast Poison magic.
You have very sharp teeth.
You have large cloven feet.
A frigid envelope surrounds you and freezes all who hurt you.
Your muscles are strong. (Str +4, Int/Dex -1)


Message History

The redback closely misses you. The steelbarb worm closely misses you.
You shred the steelbarb worm!!!
You kill the steelbarb worm!
You feel very sick.
The wolf spider misses you. x2; The redback closely misses you.
Unknown command.
You slash the wolf spider!
The wolf spider is moderately wounded.
You feel very sick. The wolf spider closely misses you.
The wolf spider bites you!
* * * LOW HITPOINT WARNING * * *
The wolf spider is very cold.
The wolf spider is moderately wounded.
The redback completely misses you. The redback misses you.
The wolf spider misses you. The wolf spider closely misses you.
You barely miss the wolf spider.
Your tail-slap misses the wolf spider.
Your slash misses the wolf spider.
The wolf spider is moderately wounded.
You feel very sick. The redback closely misses you.
The redback barely misses you.
An emperor scorpion comes into view.
The wolf spider completely misses you.
The wolf spider bites you but does no damage.
The wolf spider is very cold.
The wolf spider is heavily wounded.
Activating: Breathe Lightning (1% risk of failure)
Press: ? - help, Q - select action, (/) - cycle Dir - look around, f - activate You breathe a wild blast of lightning!
The orb of electricity explodes!
The orb of electricity engulfs the redback!!!
You kill the redback!
The orb of electricity engulfs you! You resist.
* * * LOW HITPOINT WARNING * * *
The orb of electricity engulfs the wolf spider!!!
You kill the wolf spider!
The orb of electricity engulfs the redback!!!
You kill the redback!
The orb of electricity explodes!
The orb of electricity engulfs you. You resist.
You die...

.^#.#...## ^#^#.^.#.##
.......#^.# [
...##.....## ..
.#..#......######### #~.~
.#...#......#.~#.#†#..~.~
#..#..^^^.......†††..#
^#....#^......#†††.†s#
.#.#..#.....#^.#@#†#.~^.~
.#....##...######### ~..
...#^.....## .
##........# ...#.#...##
.#.##..#.# ..##....##
##...#...# .^###..#.#


You could see an emperor scorpion (wandering).

Vanquished Creatures
  Nikola (Spider:2)
  A tentacled monstrosity (Abyss:1)
  An Executioner (Abyss:1)
  Aizul (Spider:2)
  Kirke (Spider:2)
  3 emperor scorpions (Spider:4)
  2 ghost moths
  An orc warlord (Orc:2)
  2 broodmothers (Spider:4)
  A reaper (IceCv)
  2 spark wasps
  The ghost of PotatoSalad1221 the Wallflower, a journeyman KoBr of Uskayaw (Spider:2)
  An eidolon (Abyss:1)
  The ghost of Beaer the Metamorph, a journeyman OpSh of Gozag (Lair:3)
  An entropy weaver (Spider:1)
  Snorg (Lair:4)
  Josephine (Lair:3)
  A vault guard (D:13)
  A great orb of eyes (D:14)
  Erolcha (Orc:1)
  10 hydras
  Fannar (D:10)
  2 alligators (D:14)
  A jorogumo (Spider:3)
  A death knight (D:15)
  6 two-headed ogres
  6 boulder beetles
  3 centaur warriors
  A fenstrider witch skeleton (Abyss:1)
  3 radroaches
  3 death yaks (Lair:5)
  4 demonic crawlers
  2 thrashing horrors (Abyss:1)
  A tengu warrior (D:15)
  Urug (Lair:4)
  Sonja (D:10)
  A deep elf knight (D:14)
  A sun demon (Abyss:1)
  A skyshark (Lair:3)
  2 skeletal warriors
  5 sun moths
  A wretched star (Abyss:1)
  4 pharaoh ants
  Lodul (D:10)
  10 orb spiders
  2 lindwurms (Lair:5)
  2 deep elf pyromancers
  2 steelbarb worms
  6 orc knights
  3 wizards
  2 necromancers (D:13)
  6 cyclopes
  2 orc sorcerers (Orc:2)
  19 ugly things
  A shining eye (shapeshifter) (D:14)
  A salamander (D:15)
  28 wolf spiders
  6 manticores
  11 elephants (Lair:5)
  4 moths of wrath
  Maurice (D:9)
  8 black mambas
  Joseph (Lair:1)
  2 smoke demons (Abyss:1)
  7 torpor snails
  An ice statue (IceCv)
  13 cane toads
  2 gargoyles
  6 unseen horrors
  4 kobold demonologists
  A rime drake (shapeshifter) (D:15)
  Maggie (D:7)
  A yaktaur (D:13)
  3 large abominations (Abyss:1)
  4 komodo dragons
  2 efreet
  A guardian mummy (D:11)
  4 rime drakes
  3 freezing wraiths
  A tengu conjurer (D:15)
  An anaconda simulacrum (IceCv)
  5 trolls
  2 hellwings (Abyss:1)
  6 meliai
  A polar bear (shapeshifter) (D:14)
  A polar bear (Lair:2)
  A raiju (Abyss:1)
  Grinder (D:5)
  4 hornets
  28 tarantellas
  33 blink frogs
  7 slime creatures
  12 dream sheep
  11 culicivoras
  26 jumping spiders
  3 flying skulls (Abyss:1)
  A culicivora (shapeshifter) (D:14)
  A jumping spider (shapeshifter) (D:14)
  Sigmund (D:5)
  2 shadows
  5 wyverns
  2 dire elephant simulacra (IceCv)
  2 fire bats (D:14)
  A ynoxinul (Abyss:1)
  2 hogs (Spider:2)
  8 wraiths
  40 yaks
  Grum (D:10)
  2 steam dragons
  12 basilisks
  4 small abominations (Abyss:1)
  19 humans
  33 redbacks
  4 vampire mosquitoes
  Menkaure (D:5)
  3 wargs (Orc:2)
  Edmund (D:5)
  A swamp worm (Lair:2)
  2 harpy simulacra (IceCv)
  5 acid dragons
  A hydra simulacrum (IceCv)
  14 water moccasins
  41 orc warriors
  6 ice beasts
  2 sky beasts (D:7)
  3 black bears
  4 boggarts (D:14)
  15 wolves
  18 ogres
  The ghost of Heedrag the Insei, an amateur DsSh (D:5)
  2 centaurs
  4 phantoms
  6 kobold brigands
  2 gnoll sergeants (D:10)
  13 bullfrogs
  4 scorpions
  3 cane toad simulacra
  13 wights
  6 elephant simulacra (IceCv)
  6 killer bees (D:11)
  2 vampire bats (D:14)
  10 howler monkeys
  A quasit (Abyss:1)
  3 hounds
  8 jellies
  25 orc priests
  3 sleepcaps
  7 iguanas
  8 gnoll boudas
  29 orc wizards
  2 hell rats (D:14)
  2 polar bear simulacra (IceCv)
  8 troll simulacra (IceCv)
  A wolf simulacrum (IceCv)
  5 spriggan simulacra (IceCv)
  29 gnolls
  7 adders
  7 naga simulacra (IceCv)
  4 river rats (D:14)
  2 shadow imps
  9 white imps
  A howler monkey simulacrum (D:10)
  6 ufetubi
  2 worms
  A dart slug (D:5)
  89 orcs
  10 bats
  9 endoplasms
  2 giant cockroaches (D:3)
  11 goblins
  11 hobgoblins
  2 jackals (D:3)
  3 quokkas
  7 ball pythons
  9 frilled lizards
  37 kobolds
  8 rats
1097 creatures vanquished.

Vanquished Creatures (others)
  A large abomination (Abyss:1)
  A wolf spider (Lair:3)
  A cyclops (D:11)
  A torpor snail (Spider:3)
  A cane toad (Lair:5)
  A meliai (D:14)
  A tarantella (Spider:1)
  2 jumping spiders
  A culicivora (Spider:4)
  A wyvern (D:10)
  A yak (Lair:3)
  A redback (Spider:4)
  A phantom (D:6)
  A bullfrog (Lair:3)
  A two-headed ogre simulacrum (IceCv)
  A wight (D:9)
  An ufetubus (IceCv)
  2 orcs
  A ball python (D:14)
21 creatures vanquished.

Grand Total: 1118 creatures vanquished

Notes
Turn   | Place    | Note
-------+----------+-------------------------------------------
     0 | D:1      | Revguard the Draconian Shapeshifter began the quest for the
                  | Orb.
     0 | D:1      | Reached XP level 1. HP: 16/16 MP: 1/1
   365 | D:1      | Reached XP level 2. HP: 21/23 MP: 2/2
   434 | D:1      | Found a faded altar of an unknown god.
   434 | D:1      | Noticed a Hell Sentinel
   997 | D:2      | Reached XP level 3. HP: 27/29 MP: 3/3
  1161 | D:2      | Found a sacrificial altar of Ru.
  1214 | D:2      | Became a worshipper of Ru the Awakened
  1250 | D:2      | Reached skill level 1 in Evocations
  1581 | D:2      | Gained mutation: A frigid envelope surrounds you and
                  | freezes all who hurt you. [potion of mutation]
  1581 | D:2      | Gained mutation: Your muscles are strong. (Str +4, Int/Dex
                  | -1) [potion of mutation]
  1581 | D:2      | Gained mutation: You have very sharp teeth. [potion of
                  | mutation]
  2303 | D:3      | Gained mutation: You cannot study or cast Poison magic. [Ru
                  | sacrifice]
  2303 | D:3      | Gained mutation: You cannot study or cast Hexes magic. [Ru
                  | sacrifice]
  2303 | D:3      | Gained mutation: You cannot study or cast Conjurations
                  | magic. [Ru sacrifice]
  2303 | D:3      | Reached * piety under Ru
  2316 | D:3      | Noticed a phantom
  2337 | D:3      | Killed a phantom
  2338 | D:3      | Reached XP level 4. HP: 37/37 MP: 4/4
  2338 | D:3      | Reached XP level 5. HP: 42/42 MP: 5/5
  2801 | D:4      | Found a transporter.
  2861 | D:4      | Noticed an ogre
  2870 | D:4      | Killed an ogre
  2871 | D:4      | Reached XP level 6. HP: 48/51 MP: 6/6
  2961 | D:4      | Reached skill level 4 in Shapeshifting
  2972 | D:4      | Noticed an ice beast
  3148 | D:4      | Killed an ice beast
  3149 | D:4      | Your scales start taking on a glossy black colour.
  3149 | D:4      | Reached XP level 7. HP: 18/57 MP: 7/7
  3149 | D:4      | Gained mutation: You are resistant to electric shocks.
                  | (rElec) [Black Draconian growth]
  3574 | D:4      | Found a transporter.
  3859 | D:5      | Entered Level 5 of the Dungeon
  4054 | D:5      | Found a shadowy altar of Dithmenos.
  4102 | D:5      | Found a sparkling altar of Nemelex Xobeh.
  4120 | D:5      | Noticed Grinder
  4123 | D:5      | Paralysed by Grinder for 4 turns
  4145 | D:5      | Paralysed by Grinder for 2 turns
  4153 | D:5      | Killed Grinder
  4154 | D:5      | Reached skill level 5 in Unarmed Combat
  4278 | D:5      | Reached XP level 8. HP: 67/67 MP: 8/8
  4298 | D:5      | Noticed Edmund
  4308 | D:5      | Killed Edmund
  4443 | D:5      | Noticed Heedrag's ghost (amateur DsSh)
  4452 | D:5      | Noticed Menkaure
  4467 | D:5      | Killed Menkaure
  4468 | D:5      | Reached skill level 5 in Shapeshifting
  4472 | D:5      | Reached skill level 5 in Fighting
  4490 | D:5      | Noticed Sigmund
  4780 | D:5      | Killed Sigmund
  5031 | D:5      | Identified the -1 cloak "Juusmum" {Regen+}
  5168 | D:5      | Found a runed translucent gate.
  5169 | D:5      | Found a runed translucent gate.
  5171 | D:5      | Found a runed translucent gate.
  5283 | D:5      | Identified the +1 whip of Diowaxt {heavy, rCorr}
  5283 | D:5      | Identified the +0 scale mail of the Painted God {rF+ Int+3}
  5404 | D:5      | Reached skill level 5 in Dodging
  5551 | D:5      | Killed Heedrag's ghost
  5552 | D:5      | Reached skill level 5 in Evocations
  5552 | D:5      | Reached XP level 9. HP: 75/75 MP: 9/9
  5570 | D:5      | Gained mutation: You cannot be stealthy. [Ru sacrifice]
  5570 | D:5      | Reached ** piety under Ru
  5785 | D:6      | Reached skill level 6 in Shapeshifting
  5946 | D:6      | Identified the +1 great mace of Paro {venom, *Noise Int+6}
  7137 | D:7      | Noticed a skeletal warrior
  7139 | D:7      | Found a transporter.
  7140 | D:7      | Found a transporter.
  7140 | D:7      | Noticed a green ugly thing
  7153 | D:7      | Found a transporter.
  7183 | D:7      | Noticed a gargoyle
  7230 | D:7      | Reached skill level 7 in Shapeshifting
  7269 | D:7      | Noticed a boulder beetle
  7531 | D:7      | Found a staircase to the Ecumenical Temple.
  7610 | D:7      | Noticed Maggie
  7631 | D:7      | Killed Maggie
  7834 | D:7      | Reached XP level 10. HP: 80/84 MP: 10/10
  7868 | D:7      | Found a transporter.
  7888 | D:7      | Found a transporter.
  8422 | D:8      | Identified a scroll of acquirement
  8422 | D:8      | Acquired 651 gold pieces
  8717 | D:8      | Found a flagged portal.
  8728 | Bailey   | Entered a bailey
  9545 | D:8      | Found the ring of the Hare {EV+10}
  9773 | D:8      | Reached skill level 8 in Shapeshifting
  9851 | D:8      | Noticed an orc knight
  9867 | D:8      | Killed an orc knight
 10518 | D:9      | Noticed Maurice
 10525 | D:9      | Maurice stole an amulet of magic regeneration
 10526 | D:9      | Killed Maurice
 10638 | D:9      | Found a blossoming altar of Fedhas.
 10671 | D:9      | Identified the +1 robe of the Harp {rElec Int+3}
 10814 | D:9      | Found a white marble altar of Elyvilon.
 10829 | D:9      | Reached XP level 11. HP: 75/94 MP: 11/11
 11306 | D:10     | Entered Level 10 of the Dungeon
 11320 | D:10     | Noticed a two-headed ogre
 11334 | D:10     | Killed a two-headed ogre
 11335 | D:10     | Reached skill level 9 in Shapeshifting
 11445 | D:10     | Noticed a two-headed ogre
 11446 | D:10     | Noticed Fannar
 11446 | D:10     | Noticed a boulder beetle
 11455 | D:10     | Killed a two-headed ogre
 11464 | D:10     | Killed Fannar
 11475 | D:10     | Killed a boulder beetle
 11498 | D:10     | Noticed Lodul
 11533 | D:10     | Killed Lodul
 11753 | D:10     | Noticed Grum
 11767 | D:10     | Killed Grum
 11776 | D:10     | Found a staircase to the Orcish Mines.
 11813 | D:10     | Noticed Sonja
 11820 | D:10     | Killed Sonja
 11821 | D:10     | Reached skill level 10 in Shapeshifting
 12118 | D:10     | Noticed a two-headed ogre
 12136 | D:10     | Killed a two-headed ogre
 12225 | D:10     | Noticed an orc knight
 12235 | D:10     | Killed an orc knight
 12261 | D:10     | Reached XP level 12. HP: 99/104 MP: 12/12
 12425 | D:11     | Noticed a two-headed ogre
 12437 | D:11     | Killed a two-headed ogre
 12543 | D:11     | Found a portal to a secret trove of treasure.
 12699 | D:11     | Noticed a boulder beetle
 12717 | D:11     | Killed a boulder beetle
 12764 | D:11     | Found a staircase to the Lair.
 13000 | D:11     | Identified the +0 chain mail of the Earth {rF+ rCorr
                  | Slay+3}
 13017 | D:12     | Noticed a boulder beetle
 13029 | D:12     | Killed a boulder beetle
 13030 | D:12     | Reached skill level 11 in Shapeshifting
 13186 | D:12     | Reached skill level 10 in Fighting
 13205 | D:12     | You are sucked into a shaft and drop 2 floors!
 13206 | D:14     | Noticed a centaur warrior
 13236 | D:14     | Killed a centaur warrior
 13277 | D:14     | Noticed a great orb of eyes
 13283 | D:14     | Killed a great orb of eyes
 13310 | D:14     | Reached XP level 13. HP: 67/114 MP: 13/13
 13387 | D:14     | Reached skill level 10 in Unarmed Combat
 13469 | D:14     | Gained mutation: You have large cloven feet. [a shining
                  | eye]
 13556 | D:14     | Reached skill level 12 in Shapeshifting
 14142 | D:14     | HP: 1/116 [white ugly thing (32)]
 14539 | D:13     | Reached skill level 10 in Evocations
 14644 | D:13     | Reached skill level 13 in Shapeshifting
 14697 | D:13     | Found a gate to the Vaults.
 15008 | D:13     | Found an ornate altar of the Wu Jian Council.
 15392 | D:12     | Gained mutation: Your large and strong wings let you fly.
                  | [Black Draconian growth]
 15392 | D:12     | Reached XP level 14. HP: 115/124 MP: 14/14
 15568 | D:12     | Found a shimmering blue altar of Sif Muna.
 15983 | D:14     | Reached skill level 10 in Dodging
 16486 | D:15     | Entered Level 15 of the Dungeon
 16513 | D:15     | Gained mutation: You occasionally shout uncontrollably at
                  | your foes. [Ru sacrifice]
 16568 | D:15     | Found Totattur's Magic Scroll Shop.
 17006 | D:15     | HP: 6/125 [skeletal warrior/+0 war axe[a death knight]
                  | (24)]
 17218 | D:15     | Found a staircase to the Depths.
 18020 | D:7      | Identified the +4 scimitar of Vakhla {venom, rC+ Dex+4}
 18194 | Orc:1    | Entered Level 1 of the Orcish Mines
 18306 | Orc:1    | Noticed Erolcha
 18335 | Abyss:1  | Cast into level 1 of the Abyss (Erolcha)
 18412 | Abyss:1  | Reached skill level 14 in Shapeshifting
 18442 | Abyss:1  | Found a corrupted altar of Lugonu.
 18582 | Abyss:1  | Noticed an Executioner
 18589 | Abyss:1  | Killed an Executioner
 18762 | Abyss:1  | Gained mutation: You are frail. (-10% HP) [Ru sacrifice]
 18762 | Abyss:1  | Reached *** piety under Ru
 18894 | Abyss:1  | Noticed a tentacled monstrosity
 18902 | Abyss:1  | Killed a tentacled monstrosity
 18920 | Orc:1    | Escaped the Abyss
 18938 | Orc:1    | Killed Erolcha
 18939 | Orc:1    | Reached XP level 15. HP: 120/120 MP: 15/15
 19423 | Orc:2    | Entered Level 2 of the Orcish Mines
 19877 | Orc:2    | Found a staircase to the Elven Halls.
 20310 | Orc:2    | Found Wyphiv's General Store.
 20463 | Orc:2    | Found Zemeph's Antique Armour Emporium.
 20809 | Orc:2    | Found Facw's Antique Weapon Boutique.
 20812 | Orc:2    | Found Tewuuh's Antique Armour Shop.
 21069 | Lair:1   | Entered Level 1 of the Lair of Beasts
 21104 | Lair:1   | Noticed Joseph
 21128 | Lair:1   | Killed Joseph
 21237 | Lair:1   | Found a frozen archway.
 21257 | IceCv    | Entered an ice cave
 22287 | IceCv    | Reached skill level 15 in Shapeshifting
 22287 | IceCv    | Reached XP level 16. HP: 126/126 MP: 16/16
 23012 | Lair:2   | You are sucked into a shaft and drop 1 floor!
 23330 | Lair:3   | Identified the +2 dagger "Qulal" {venom, Fly rElec rC+}
 23397 | Lair:3   | Found a runed translucent door.
 23398 | Lair:3   | Noticed Beaer's ghost (journeyman OpSh)
 23413 | Lair:3   | Killed Beaer's ghost
 23527 | Lair:3   | Found a blossoming altar of Fedhas.
 23560 | Lair:3   | Noticed Josephine
 23571 | Lair:3   | Killed Josephine
 23731 | Lair:3   | Gained mutation: You are hated by all. [Ru sacrifice]
 23731 | Lair:3   | Reached **** piety under Ru
 23731 | Lair:3   | Reached ***** piety under Ru
 24088 | Lair:3   | Found a hole to the Spider Nest.
 24651 | Lair:4   | Noticed Snorg
 24663 | Lair:4   | Killed Snorg
 24765 | Lair:4   | Noticed Urug
 24776 | Lair:4   | Killed Urug
 25143 | Lair:5   | Entered Level 5 of the Lair of Beasts
 25498 | Lair:5   | Found a staircase to the Slime Pits.
 25607 | Lair:5   | Reached skill level 16 in Shapeshifting
 25607 | Lair:5   | Reached XP level 17. HP: 125/135 MP: 17/17
 25758 | Lair:5   | Identified the +0 rapier of Liolaame {freeze, Int+2}
 26501 | Spider:1 | Entered Level 1 of the Spider Nest
 27178 | Spider:1 | Reached XP level 18. HP: 141/141 MP: 18/18
 27179 | Spider:1 | Reached XP level 19. HP: 148/148 MP: 19/19
 27568 | Spider:2 | Noticed Kirke
 27582 | Spider:2 | Killed Kirke
 27583 | Spider:2 | Reached skill level 17 in Shapeshifting
 27825 | Spider:2 | Noticed Nikola
 27835 | Spider:2 | Killed Nikola
 28053 | Spider:2 | Noticed Aizul
 28064 | Spider:2 | Killed Aizul
 28291 | Spider:2 | Found a runed translucent door.
 28292 | Spider:2 | Noticed PotatoSalad1221's ghost (journeyman KoBr)
 28306 | Spider:2 | Killed PotatoSalad1221's ghost
 28978 | Spider:3 | Paralysed by a jorogumo for 2 turns
 30099 | Spider:4 | Entered Level 4 of the Spider Nest
 30429 | Spider:4 | Found the +3 pair of seven-league boots {Rampage+∞}
 30435 | Spider:4 | Reached skill level 15 in Fighting
 31115 | Spider:4 | Reached XP level 20. HP: 72/148 MP: 11/20
 31131 | Spider:4 | HP: 6/154 [shot self (15)]
 31131 | Spider:4 | Killed themself with a bounced orb of electricity

Illustrated notes

Levels and vault maps discovered:
D:1:      wander_arrival_lonely_grave, layout_loops_corners,
          dreamdust_ecumenical_altar_sealed_demon
D:2:      layout_basic, basic_altar
D:3:      layout_loops_corners, grunt_decor_arrowhead, corexii_hall_statues_i
D:4:      gammafunk_cloud_chamber, layout_loops_ring
D:5:      layout_gridville, minitemple, biasface_ghost_orc_armoury,
          minmay_fractal_squares_diagonal_5, uniq_grinder, uniq_edmund,
          uniq_sigmund, uniq_menkaure
D:6:      layout_basic, roderic_nine_men_s_morris, dreamdust_wishing_well
D:7:      gammafunk_the_bubble [the_bubble_gammafunk_roulette],
          layout_loops_corners, temple_hall, uniq_maggie
D:8:      nzn_winding_woodlands_medium [nzn_winding_woodlands_5x5_checkerboard,
          nzn_winding_woodlands_5x15_cabin, nzn_winding_woodlands_hourglass,
          nzn_winding_woodlands_5x5_perimeter,
          nzn_winding_woodlands_center_diamonds,
          nzn_winding_woodlands_5x5_cross, nzn_winding_woodlands_5x5_open_star,
          nzn_winding_woodlands_5x15_crooked, nzn_winding_woodlands_5x5_three],
          layout_basic, enter_bailey_3, minivault_27
D:9:      layout_loops_ring, elyvilon_altar_3, old_standard_altar, uniq_maurice
D:10:     layout_loops_ring, orc_0_dummy, grunt_ministairs_11, grunt_tough_drop,
          uniq_fannar, uniq_grum, uniq_lodul, uniq_sonja
D:11:     layout_rooms, lair_entry_dummy, nicolae_trove_entry_path_of_doom,
          nzn_sisyphean_effort
D:12:     layout_loops_ring, nicolae_sif_muna_little_library
D:13:     layout_cave_pods, grunt_vaults_entry_tiered, nzn_wu_jian_contemplation
D:14:     minmay_the_grid_net [minmay_the_grid_all_tris, minmay_the_grid_doors,
          minmay_the_grid_tree, minmay_the_grid_mess,
          minmay_the_grid_minigrid_large, minmay_the_grid_prize_four_corners],
          layout_basic, gauntlet_entry_generic, hangedman_parallel_progression
D:15:     hangedman_depths_entry_try_elsewhere_first, layout_loops_corners,
          serial_shops, shop, nicolae_two_hexagons, grunt_ministairs_15
Lair:1:   layout_hall_layers, portal_ice_cave_entry_ice_simulacra, uniq_joseph
Lair:2:   layout_roguey, palyth_hydra_swamp_entry
Lair:3:   layout_hall_layers, spider_nest_entry_a, gammafunk_ghost_grave,
          wad_woods_06, minmay_lair_oklob_bushes, hangedman_tree_tricks,
          chequers_serial_rivers_small_b, fungi_pond_lemuel,
          serial_bayou_shore_a, uniq_josephine
Lair:4:   layout_regular_city, grunt_megastairs_2, uniq_urug, uniq_snorg
Lair:5:   hangedman_lair_in_review, layout_regular_city,
          nicolae_slime_entry_field_trip
Spider:1: layout_cave_pods, nicolae_spider_circle_web
Spider:2: layout_chambers, hellmonk_ghost_happy_afterlife, uniq_nikola,
          uniq_aizul, uniq_kirke
Spider:3: layout_cave_pods
Spider:4: guppyfry_spider_rune, hellmonk_spider_spawner,
          hangedman_spider_tarantella_strand
Orc:1:    layout_caves, basic_altar, uniq_erolcha
Orc:2:    grunt_orc_community_town_hall, layout_diamond_mine,
          grunt_orc_community_big_house_1, grunt_orc_community_big_house_2,
          grunt_orc_community_house_1, grunt_orc_community_house_2,
          grunt_orc_community_house_2, grunt_orc_community_house_2,
          grunt_orc_community_house_1, grunt_orc_community_house_2,
          minmay_orc_keep

Skill      XL: |  1  2  3  4  5  6  7  8  9 10 11 12 13 14 15 16 17 18 19 |
---------------+----------------------------------------------------------+-----
Dodging        | 2 3 4 5 6 7 8 9 10 11 12 13 | 13.0
Evocations     | 1 2 3 5 6 7 8 9 10 11 12 13 | 13.8
Fighting       | 2 3 4 5 6 8 9 10 11 12 13 14 15 | 15.3
Unarmed Combat | 4 5 6 7 8 9 10 11 12 13 14 | 14.5
Shapeshifting  | 4 5 7 8 10 11 13 14 15 16 17 | 17.8

Action                     |  1- 3 |  4- 6 |  7- 9 | 10-12 | 13-15 | 16-18 | 19-21 || total
---------------------------+-------+-------+-------+-------+-------+-------+-------++-------
  Melee: Dagger            |   114 |    70 |   285 |    97 |       |       |       ||   566
         Unarmed           |    11 |       |       |   518 |  1362 |   762 |   406 ||  3059
         Tailslap          |    17 |     7 |    55 |   117 |   281 |   161 |    46 ||   684
         Punch             |     2 |     1 |    15 |     3 |       |       |    35 ||    56
         Bite              |       |     7 |    44 |   105 |   232 |   163 |    43 ||   594
         Constrict         |       |       |       |       |       |       |    16 ||    16
 Invoke: Sacrifice Arcana  |     1 |       |       |       |       |       |       ||     1
         Sacrifice Stealth |       |       |     1 |       |       |       |       ||     1
         Reject Sacrifices |       |       |       |     2 |     1 |     1 |     1 ||     5
         Sacrifice Purity  |       |       |       |       |     1 |       |       ||     1
         Sacrifice Health  |       |       |       |       |     1 |       |       ||     1
         Sacrifice Love    |       |       |       |       |       |     1 |       ||     1
         Apocalypse        |       |       |       |       |       |     1 |     2 ||     3
         Draw Out Power    |       |       |       |       |       |     1 |       ||     1
Ability: Breathe Lightning |       |       |     4 |    18 |    20 |     9 |     5 ||    56
  Evoke: Wand              |       |       |       |    16 |    17 |       |       ||    33
         Condenser vane    |       |       |       |     1 |     3 |     1 |       ||     5
    Use: Scroll            |     5 |     2 |     1 |    11 |     6 |     3 |     2 ||    30
         Potion            |     5 |     1 |     8 |     7 |     6 |     3 |     2 ||    32
   Stab: Sleeping          |       |       |     1 |       |       |       |       ||     1
         Distracted        |       |       |       |     1 |     2 |     2 |     1 ||     6
         Confused          |       |       |       |       |     1 |       |       ||     1
         Invisible         |       |       |       |       |     1 |       |     1 ||     2
         Petrified         |       |       |       |       |       |     1 |       ||     1
 Armour: Skin              |    64 |    39 |   155 |   198 |   450 |   318 |   202 ||  1426
  Dodge: Dodged            |    67 |    39 |   175 |   534 |  1594 |  1008 |   634 ||  4051
   Form: Flux              |       |       |       |     1 |       |       |       ||     1
         Blade             |       |       |       |       |       |       |     2 ||     2
         Anaconda          |       |       |       |       |       |       |     1 ||     1

Table legend: (Time is in decaauts)
 A = Elapsed time spent in this place.
 B = Non-inter-level travel time spent in this place.
 C = Inter-level travel time spent in this place.
 D = Time resting spent in this place.
 E = Time spent auto-exploring this place.
 F = Levels seen in this place.
 G = Mean time per level.
                   A        B        C        D        E       F      G
               +--------+--------+--------+--------+--------+-----+--------+
         Total |  30512 |  29392 |   1120 |   3334 |  18618 |  29 | 1052.1 |
       Dungeon |  17340 |  16526 |    814 |   1516 |  11361 |  15 | 1156.0 |
          Lair |   4372 |   4225 |    147 |    336 |   2646 |   5 |  874.4 |
   Spider Nest |   4379 |   4330 |     49 |    463 |   2991 |   4 | 1094.8 |
  Orcish Mines |   2188 |   2078 |    110 |    273 |   1102 |   2 | 1094.0 |
         Abyss |    548 |    548 |      0 |    130 |     34 |   1 |  548.0 |
        Bailey |    663 |    663 |      0 |    313 |     62 |   1 |  663.0 |
      Ice Cave |   1020 |   1020 |      0 |    303 |    422 |   1 | 1020.0 |
               +--------+--------+--------+--------+--------+-----+--------+

Top non-repeatable levels by time:
     D:7: 1925 daAuts
     D:5: 1787 daAuts
   Orc:2: 1502 daAuts
    D:14: 1464 daAuts
     D:8: 1415 daAuts
  Lair:3: 1404 daAuts
Spider:2: 1337 daAuts
Spider:3: 1326 daAuts
    D:15: 1287 daAuts
  Lair:5: 1218 daAuts
    D:13: 1148 daAuts
     D:3: 1125 daAuts
    D:10: 1124 daAuts
     D:4: 1102 daAuts
     D:6: 1036 daAuts
